 Dungeon Sprint DCSS version 0.31-a0-841-g038b102fc3 (webtiles) character file.

Game seed: 9681336892749733635

2 sircluck the Ruffian (level 1, 0/33 HPs)
             Began as a Troll Berserker on Sept 27, 2023.
             Was a Believer of Trog.
             Slain by a sixfirhy (10 damage)
             ... summoned by a kobold demonologist
             ... in the Dungeon (Sprint VII: "The Pits").
             The game lasted 00:00:06 (23 turns).

sircluck the Ruffian (Troll Berserker)                Turns: 23, Time: 00:00:07

Health: 0/33       AC:  4    Str: 24    XL:     1   Next: 33%
Magic:  0/0        EV: 10    Int:  3    God:    Trog [**....]
Gold:   0          SH:  0    Dex:  9    Spells: 0/0 levels left

rFire   . .          .
                       - Unarmed
rCold   . . .        (no shield)
rNeg    . . .        a - +0 animal skin
rPois   .            (helmet restricted)
rElec   .            (no cloak)
rCorr   .            (gloves unavailable)
SInv    .            (boots unavailable)
Will    .....        (no amulet) Stlth
                     (no ring)
HPRegen 1.05/turn    (no ring)
MPRegen 0.07/turn

%: no teleportation
@: berserking, very quick
A: large, unfitting armour, claws 3, regeneration 1, shaggy fur 1, tough skin 1
a: Renounce Religion, Berserk, Trog's Hand


You were in the Dungeon.
You worshipped Trog.
Trog was pleased with you.
You visited 1 branch

Inventory:

Armour
 a - a +0 animal skin (worn)
Scrolls
 g - a scroll of blinking
Potions
 b - a potion of curing
 c - a potion of heal wounds
 d - a potion of haste
 e - 2 potions of magic
 f - a potion of berserk rage


   Skills:
 + Level 2.7 Fighting
 + Level 2.8 Dodging
 + Level 3.3 Unarmed Combat


You couldn't memorise any spells.
You didn't know any spells.
Your spell library was empty.

Dungeon Overview and Level Annotations

Branches:
Dungeon (1/1)

Altars:


Innate Abilities, Weirdness & Mutations

You are too large for most types of armour.
You have claws for hands.
Your natural rate of healing is unusually fast.
You are covered in fur. (AC +1)
You have tough skin. (AC +1)


Message History

A kobold demonologist comes into view. It is wielding a +0 dagger.
There is a huge open gate to the Metal Vault (Medium) here.
Unknown command.
Unknown command.
The kobold demonologist looks satisfied for a moment.
The kobold demonologist moves out of view.
You close the huge gate.
A kobold breaks down the huge gate.
A red film seems to cover your vision as you go berserk!
You feel yourself moving faster!
You feel mighty!
The kobold demonologist casts a spell.
You claw the giant cockroach!
You kill the giant cockroach!
Trog accepts your kill.
You scratch the kobold.
You kill the kobold!
Trog accepts your kill.
A snapping turtle comes into view.
The snapping turtle hisses angrily.
There is a huge broken gate to the Metal Vault (Medium) here.
Things that are here:
a +0 dagger; 4 stones; a giant cockroach corpse You feel a strong urge to attack something.
The kobold demonologist gestures wildly while chanting.
There is a huge broken gate to the Metal Vault (Medium) here.
You claw the kobold!
You kill the kobold!
Trog accepts your kill.
You can now call upon Trog for regeneration and willpower.
The kobold brigand shouts!
You claw the sixfirhy!
The sixfirhy is moderately wounded.
The sixfirhy closely misses you. The sixfirhy hits you!
The sixfirhy shocks you!
* * * LOW HITPOINT WARNING * * *
The sixfirhy misses you.
You closely miss the sixfirhy.
The sixfirhy is moderately wounded.
The sixfirhy hits you!
You die...

##########++######
#................#
#......#..#......#
#................+
+................+
#......#..#......#
#................#
####'#####)'######
#.......##@'#
#.......##3K#
#.......##K.#
#...<...##t.#
#.......##.3#
#.......##.K#
#.......##...
##########..K


You could see a snapping turtle, a sun demon (summoned), 2 kobold demonologists,
a sixfirhy (summoned), a kobold brigand and a kobold.

Vanquished Creatures
  A giant cockroach (D)
  2 kobolds (D)
3 creatures vanquished.

Notes
Turn   | Place    | Note
-------+----------+-------------------------------------------
     0 | D        | sircluck the Troll Berserker began the quest for the Orb.
     0 | D        | Reached XP level 1. HP: 22/22 MP: 0/0
    12 | D        | Noticed a kobold demonologist
    12 | D        | Noticed a kobold brigand
    13 | D        | Noticed a kobold demonologist
    18 | D        | Noticed a snapping turtle
    19 | D        | Noticed a sun demon
    21 | D        | Noticed a sixfirhy
    21 | D        | Reached ** piety under Trog
    23 | D        | Slain by a sixfirhy

Illustrated notes

Levels and vault maps discovered:
D:        pitsprint [storerooms_1, entrance_room_1, metal_vault_3, armoury_1,
          mini_pit_1, grid_room_1, main_hall_1, silver_pit, the_coven_1,
          the_vestibule_1, steel_vault_4, golden_pit, hallway_of_sentries,
          crystal_vault_2, iron_vault_2, final_vault]

Action                     || total
---------------------------++-------
  Melee: Unarmed           ||     5
 Invoke: Berserk           ||     1
 Armour: Animal skin       ||     2
  Dodge: Dodged            ||     2

Table legend: (Time is in decaauts)
 A = Elapsed time spent in this place.
 B = Non-inter-level travel time spent in this place.
 C = Inter-level travel time spent in this place.
 D = Time resting spent in this place.
 E = Time spent auto-exploring this place.
 F = Levels seen in this place.
 G = Mean time per level.
                   A        B        C        D        E       F      G
               +--------+--------+--------+--------+--------+-----+--------+
         Total |     20 |     20 |      0 |      0 |     11 |   1 |   20.0 |
       Dungeon |     20 |     20 |      0 |      0 |     11 |   1 |   20.0 |
               +--------+--------+--------+--------+--------+-----+--------+

Top non-repeatable levels by time:
       D: 20 daAuts
